 Dungeon Crawl Stone Soup version 0.15.1-2-g8fbdab7 (webtiles) character file.

144 Kex the Insei (level 5, -5/41 HPs)
             Began as a Draconian Transmuter on Oct 2, 2014.
             Killed by divine providence
             ... invoked by an orc priest
              (8 damage)
             ... on Level 3 of the Dungeon.
             The game lasted 00:11:33 (3975 turns).

Kex the Insei (Draconian Transmuter)                Turns: 3975, Time: 00:11:33

HP  -5/41        AC  6     Str 12      XL: 5   Next:  5%
MP  11/11        EV 12     Int 14      God:
Gold 157         SH  0     Dex 12      Spells:  2 memorised,  6 levels left

rFire  . . .     SeeInvis .       - Unarmed
rCold  . . .     Clarity  .     (armour unavailable)
rNeg   . . .     rCorr    .     (no shield)
rPois  .         rRot     .     (helmet restricted)
rElec  .         Spirit   .     (no cloak)
SustAb .         Warding  .     (no gloves)
rMut   .         Stasis   .     e - +0 pair of boots
Gourm  .                        (no amulet)
MR     .....                    (no ring)
                                (no ring)

@: not resistant to hostile enchantments, very unstealthy
A: unfitting armour, cold-blooded, AC +5
a: no special abilities


You were on level 3 of the Dungeon.
You were hungry.

You visited 1 branch of the dungeon, and saw 3 of its levels.

You collected 157 gold pieces.

Inventory:

Missiles
 b - 26 arrows
Armour
 e - a +0 pair of boots (worn)
Magical devices
 l - a wand of fire (7) {unknown}
 s - a wand of flame (8) {unknown}
Comestibles
 a - 2 bread rations
 c - 5 meat rations
 t - a beef jerky
 v - 2 rotting chunks of hobgoblin flesh
Scrolls
 f - a scroll of enchant weapon {unknown}
 i - 2 scrolls of remove curse
 m - a scroll of amnesia
 n - a scroll of identify {unknown}
 o - a scroll of teleportation {unknown}
 p - a scroll of fear {unknown}
 q - a scroll of magic mapping {unknown}
Potions
 g - 2 potions of heal wounds
 h - a potion of beneficial mutation {unknown}
 j - 2 potions of might {unknown}
 k - a potion of confusion {unknown}
 r - a potion of restore abilities {unknown}
 u - a potion of brilliance {unknown}
Books
 d - a book of Changes

   Spells                             Type                      Level
   *Beastly Appendage                 Transmutation                1
   Sticks to Snakes                   Transmutation                2
   *Spider Form                       Transmutation/Poison         3
   Ice Form                           Ice/Transmutation            4
   Blade Hands                        Transmutation                5


   Skills:
 + Level 2.0 Fighting
 + Level 2.3 Dodging
 + Level 0.6 Stealth
 + Level 3.8 Unarmed Combat
 + Level 3.1 Spellcasting
 + Level 2.8 Transmutations


You had 6 spell levels left.
You knew the following spells:

 Your Spells              Type           Power        Failure   Level  Hunger
a - Beastly Appendage     Trmt           ##....       10%         1    #......
b - Spider Form           Trmt/Pois      #.........   38%         3    ###....


Dungeon Overview and Level Annotations

Branches:
Dungeon (3/15)

Altars:
Okawaru

Annotations:
D:3 gigot's ghost, average GrTm


Innate Abilities, Weirdness & Mutations

Your plain brown scales are hard (AC +5).
Your body does not fit into most forms of armour.
Your cold-blooded metabolism reacts poorly to cold.


Message History

The orc wizard hits you with a dagger.
The orc wizard points at you and mumbles some strange words.
The puff of frost hits you!
You smell something rotten. (slot v)
The orc wizard hits you but does no damage.
The orc wizard gestures at you while chanting.
The magic dart hits you!
* * * LOW HITPOINT WARNING * * *
The orc wizard casts a spell at you. The puff of frost hits you!
* * * LOW HITPOINT WARNING * * *
The orc wizard casts a spell at you. The puff of frost hits you!
* * * LOW HITPOINT WARNING * * *
The orc priest calls upon Beogh to heal the orc wizard.
The orc wizard's wounds heal themselves!
The orc wizard is no longer moving quickly.
The orc priest invokes the aid of Beogh against you.
Something smites you!
You die...

#####...# #.# # #...#####
#.############# ######.......###
#.............. .............'.#
#.#########.... .######......#.#
#.# #.... .#
#.......#.####.#########.... .#
#.....###.#<...........'.... .#
#.....# #.#..#.#########.... .#
#.....# #.#@.#.............. .#
###.....###.#..############### .#
#.+.....'...#o.# # .#
#.#.....##..#..# ########## .#
#........#..#..# #......... .#
########.#..#..#### #......... .#
#.#..#o....###......... .#
#.#...{......#.........
.##########.#..#######('.........


You could see an orc priest and an orc wizard.

Vanquished Creatures
  Jessica (D:2)
  4 adders
  2 giant mites (D:1)
  4 worms
  An ooze (D:1)
  An orc (D:3)
  5 giant cockroaches
  3 goblins (D:1)
  7 hobgoblins
  5 jackals
  8 bats
  3 giant newts (D:1)
  5 kobolds
  A quokka (D:2)
  9 rats
59 creatures vanquished.

Notes
Turn   | Place    | Note
--------------------------------------------------------------
     0 | D:1      | Kex, the Draconian Transmuter, began the quest for the Orb.
     0 | D:1      | Reached XP level 1. HP: 16/16 MP: 3/3
    31 | D:1      | Reached XP level 2. HP: 21/23 MP: 3/5
   662 | D:1      | Reached XP level 3. HP: 20/28 MP: 4/6
  1172 | D:2      | Reached XP level 4. HP: 25/35 MP: 8/8
  1544 | D:2      | Noticed Jessica
  1551 | D:2      | Killed Jessica
  2090 | D:3      | Noticed gigot's ghost (average GrTm)
  2108 | D:3      | Found an iron altar of Okawaru.
  2636 | D:2      | Learned a level 3 spell: Spider Form
  3720 | D:3      | Reached XP level 5. HP: 38/41 MP: 9/11
  3975 | D:3      | Killed from afar by an orc priest

Action                   |  1- 3 |  4- 6 || total
-------------------------+-------+-------++-------
Melee: Unarmed           |   116 |   161 ||   277
 Cast: Beastly Appendage |    20 |    20 ||    40
       Spider Form       |       |     1 ||     1
  Use: Scroll            |       |     2 ||     2
       Potion            |       |     1 ||     1
  Eat: Chunk             |     1 |     6 ||     7
       Beef jerky        |       |     2 ||     2
